TOP OF THE 1ST |
Cedar Rapids Cardinals batting - Pitching for Wisconsin Rapids Timber Rattlers : RHP Timothy Kammeyer
|
Pitching: RHP Timothy Kammeyer
|
|
Batting: RHB Nehames Bernstine
|
0-0: Ball 1-0: Fly out, F8 (Line Drive, 8RD, EV 100.6 MPH)
|
Batting: RHB Reggie D Williams
|
0-0: Ball 1-0: Called Strike 1-1: SINGLE (Line Drive, 89S, EV 113.8 MPH)
|
Batting: RHB Winston Ficklin
|
0-0: Ball 1-0: Swinging Strike 1-1: Fly out, F8 (Flyball, 89XD, EV 102.5 MPH)
|
Batting: LHB Robert O'Leath
|
0-0: Ball Reggie D Williams steals 2nd base 1-0: Ball 2-0: Ground out U3 (Groundball, 3, EV 102.5 MPH)
|
Top of the 1st over - 0 runs, 1 hit, 0 errors, 1 left on base; Cedar Rapids 0 - Wisconsin Rapids 0 |
BOTTOM OF THE 1ST |
Wisconsin Rapids Timber Rattlers batting - Pitching for Cedar Rapids Cardinals : RHP John Chomin
|
Pitching: RHP John Chomin
|
|
Batting: RHB Tom Howser
|
0-0: Ball 1-0: Ball 2-0: Ball 3-0: Base on Balls
|
Batting: RHB Charles Stafford
|
0-0: Ball 1-0: Ball 2-0: Swinging Strike 2-1: SINGLE (Groundball, 34D, EV 106.9 MPH) Tom Howser to second Runner from 2nd tries for 3rd, SAFE, throw by RF made to third
|
Batting: RHB Justin Andrews
|
0-0: Foul Ball, location: 2F 0-1: Ball 1-1: Called Strike 1-2: Fielders Choice at 2nd, 3-6 (Groundball, 34S, EV 80.0 MPH) Tom Howser scores
|
Batting: LHB Greg Smith
|
0-0: Ball 1-0: Called Strike 1-1: Swinging Strike 1-2: Fly out, F8 (Flyball, 8RM, EV 98.8 MPH)
|
Batting: LHB Jerry George
|
0-0: Ball 1-0: Ball 2-0: Foul Ball, location: 2F 2-1: Foul Ball, location: 2F 2-2: Foul Ball, location: 2F 2-2: Foul Ball, location: 2F 2-2: Ball 3-2: Base on Balls Justin Andrews to second
|
Batting: LHB Jeff Kenaga
|
0-0: Swinging Strike 0-1: Foul Ball, location: 2F 0-2: Ball 1-2: Fielders Choice at 2nd, 6-4 (Groundball, 6, EV 79.4 MPH)
|
Bottom of the 1st over - 1 run, 1 hit, 0 errors, 2 left on base; Cedar Rapids 0 - Wisconsin Rapids 1 |
TOP OF THE 2ND |
Cedar Rapids Cardinals batting - Pitching for Wisconsin Rapids Timber Rattlers : RHP Timothy Kammeyer
|
Batting: RHB Mark Poole
|
0-0: Foul Ball, location: 2F 0-1: Ball 1-1: Ball 2-1: SOLO HOME RUN (Flyball, 78XD, EV 101.9 MPH), Distance : 403 ft
|
Batting: RHB Carson Carroll
|
0-0: SINGLE (Flyball, 7LS, EV 94.4 MPH)
|
Batting: SHB Bryan Hoppie
|
0-0: Ball 1-0: Ball 2-0: Called Strike 2-1: Called Strike 2-2: Ball 3-2: Ground out 6-3 (Groundball, 4M, EV 85.6 MPH) Carson Carroll to second
|
Batting: RHB Dean Kornacker
|
0-0: Ball Carson Carroll is caught stealing 3rd base 2-5 1-0: Ball 2-0: Fly out, F9 (Flyball, 9D, EV 95.6 MPH)
|
Top of the 2nd over - 1 run, 2 hits, 0 errors, 0 left on base; Cedar Rapids 1 - Wisconsin Rapids 1 |
BOTTOM OF THE 2ND |
Wisconsin Rapids Timber Rattlers batting - Pitching for Cedar Rapids Cardinals : RHP John Chomin
|
Batting: LHB Jimmy Hickman
|
0-0: Called Strike 0-1: Swinging Strike 0-2: Foul Ball, location: 2F 0-2: Foul Ball, location: 2F 0-2: Ball 1-2: Foul Ball, location: 2F 1-2: Ground out U3 (Groundball, 34, EV 100.6 MPH)
|
Batting: RHB Mitchell Cipolla
|
0-0: SINGLE (Groundball, 6S, EV 70.6 MPH) (infield hit)
|
Batting: RHB Carlos Amezcua
|
0-0: Ball 1-0: Ball 2-0: Called Strike 2-1: SINGLE (Line Drive, 9S, EV 103.1 MPH) Mitchell Cipolla to second
|
Batting: RHB Tom Howser
|
0-0: Foul Ball, location: 2F 0-1: Ball 1-1: Ball 2-1: Ground out 4-3 (Groundball, 4S, EV 83.8 MPH) Mitchell Cipolla to third Carlos Amezcua to second
|
Batting: RHB Charles Stafford
|
0-0: Fly out, F9 (Flyball, 9S, EV 86.3 MPH)
|
Bottom of the 2nd over - 0 runs, 2 hits, 0 errors, 2 left on base; Cedar Rapids 1 - Wisconsin Rapids 1 |
TOP OF THE 3RD |
Cedar Rapids Cardinals batting - Pitching for Wisconsin Rapids Timber Rattlers : RHP Timothy Kammeyer
|
Batting: SHB Duane Johnson
|
0-0: Called Strike 0-1: Swinging Strike 0-2: Ball 1-2: Ball 2-2: Foul Ball, location: 2F 2-2: Ball 3-2: Ground out 4-3 (Groundball, 4M, EV 90.0 MPH)
|
Batting: RHB Nehames Bernstine
|
0-0: Ball 1-0: Foul Ball, location: 2F 1-1: Foul Ball, location: 2F 1-2: Ball 2-2: Ball 3-2: Base on Balls
|
Batting: RHB Reggie D Williams
|
0-0: Called Strike 0-1: Foul Ball, location: 2F 0-2: Ball Nehames Bernstine steals 2nd base (no throw) 1-2: Ball 2-2: Ball 3-2: Strikes out looking
|
Batting: RHB Winston Ficklin
|
0-0: Foul Ball, location: 2F 0-1: Ball 1-1: Ball 2-1: Swinging Strike 2-2: Strikes out swinging
|
Top of the 3rd over - 0 runs, 0 hits, 0 errors, 1 left on base; Cedar Rapids 1 - Wisconsin Rapids 1 |
BOTTOM OF THE 3RD |
Wisconsin Rapids Timber Rattlers batting - Pitching for Cedar Rapids Cardinals : RHP John Chomin
|
Batting: RHB Justin Andrews
|
0-0: Ball 1-0: Foul Ball, location: 2F 1-1: Ball 2-1: Foul Ball, location: 2F 2-2: SINGLE (Groundball, 6MD, EV 100.6 MPH)
|
Batting: LHB Greg Smith
|
0-0: DOUBLE (Flyball, 8LXD, EV 107.5 MPH) Justin Andrews to third
|
Batting: LHB Jerry George
|
0-0: Ball 1-0: Swinging Strike 1-1: Ball 2-1: SINGLE (Line Drive, 8LS, EV 94.4 MPH) Justin Andrews scores Greg Smith to third
|
Batting: LHB Jeff Kenaga
|
0-0: Ball 1-0: Foul Ball, location: 2F 1-1: Fly out, F8 (Line Drive, 8RM, EV 91.3 MPH) Runner from 3rd tags up, SCORES, no throw by CF
|
Batting: LHB Jimmy Hickman
|
0-0: Ball Wild Pitch! Jerry George to second 1-0: Called Strike 1-1: Ball 2-1: Swinging Strike 2-2: Strikes out swinging
|
Batting: RHB Mitchell Cipolla
|
0-0: Swinging Strike 0-1: Ball 1-1: Ball 2-1: Swinging Strike 2-2: Ball 3-2: Base on Balls
|
Batting: RHB Carlos Amezcua
|
0-0: Called Strike 0-1: Ball 1-1: Ball Wild Pitch! Jerry George to third Mitchell Cipolla to second 2-1: Fly out, F4 (Flyball, 34D, EV 88.1 MPH)
|
Bottom of the 3rd over - 2 runs, 3 hits, 0 errors, 2 left on base; Cedar Rapids 1 - Wisconsin Rapids 3 |
TOP OF THE 4TH |
Cedar Rapids Cardinals batting - Pitching for Wisconsin Rapids Timber Rattlers : RHP Timothy Kammeyer
|
Batting: LHB Robert O'Leath
|
0-0: Fly out, F8 (Flyball, 89S, EV 86.3 MPH)
|
Batting: RHB Mark Poole
|
0-0: Ball 1-0: Foul Ball, location: 2F 1-1: Ball 2-1: Ball 3-1: Foul Ball, location: 2F 3-2: Ground out 4-3 (Groundball, 4M, EV 88.1 MPH)
|
Batting: RHB Carson Carroll
|
0-0: Ball 1-0: Foul Ball, location: 2F 1-1: Called Strike 1-2: Strikes out swinging
|
Top of the 4th over - 0 runs, 0 hits, 0 errors, 0 left on base; Cedar Rapids 1 - Wisconsin Rapids 3 |
BOTTOM OF THE 4TH |
Wisconsin Rapids Timber Rattlers batting - Pitching for Cedar Rapids Cardinals : RHP John Chomin
|
Batting: RHB Tom Howser
|
0-0: Called Strike 0-1: Ball 1-1: Ball 2-1: Foul Ball, location: 2F 2-2: Ball 3-2: Ground out 5-3 (Groundball, 5, EV 100.0 MPH)
|
Batting: RHB Charles Stafford
|
0-0: Ground out U3 (Groundball, 34, EV 107.5 MPH)
|
Batting: RHB Justin Andrews
|
0-0: Ball 1-0: SINGLE (Line Drive, 8LS, EV 103.1 MPH)
|
Batting: LHB Greg Smith
|
0-0: Ball 1-0: Called Strike 1-1: Ball 2-1: Ground out 4-3 (Groundball, 4, EV 83.1 MPH)
|
Bottom of the 4th over - 0 runs, 1 hit, 0 errors, 1 left on base; Cedar Rapids 1 - Wisconsin Rapids 3 |
TOP OF THE 5TH |
Cedar Rapids Cardinals batting - Pitching for Wisconsin Rapids Timber Rattlers : RHP Timothy Kammeyer
|
Batting: SHB Bryan Hoppie
|
0-0: Called Strike 0-1: Called Strike 0-2: Ball 1-2: Reached on error, E5 (Groundball, 56, EV 86.9 MPH)
|
Batting: RHB Dean Kornacker
|
0-0: Ball 1-0: SINGLE (Line Drive, 6D, EV 100.0 MPH) Bryan Hoppie to second Runner from 2nd tries for 3rd, SAFE, throw by CF made to third
|
Batting: SHB Duane Johnson
|
0-0: Foul Ball, location: 2F 0-1: Foul Ball, location: 2F 0-2: Ball 1-2: Strikes out swinging
|
Batting: RHB Nehames Bernstine
|
0-0: Fly out, F5 (Popup, 5L, EV 75.0 MPH)
|
Batting: RHB Reggie D Williams
|
0-0: Ball 1-0: Foul Ball, location: 2F 1-1: SINGLE (Flyball, 8RS, EV 85.0 MPH) Bryan Hoppie scores Dean Kornacker to second
|
Batting: RHB Winston Ficklin
|
0-0: Foul Ball, location: 2F 0-1: Ball 1-1: Ball 2-1: Ball 3-1: Base on Balls Dean Kornacker to third Reggie D Williams to second
|
Batting: LHB Robert O'Leath
|
0-0: Called Strike 0-1: Fly out, F8 (Flyball, 8RD, EV 80.0 MPH)
|
Top of the 5th over - 1 run, 2 hits, 1 error, 3 left on base; Cedar Rapids 2 - Wisconsin Rapids 3 |
BOTTOM OF THE 5TH |
Wisconsin Rapids Timber Rattlers batting - Pitching for Cedar Rapids Cardinals : RHP John Chomin
|
Batting: LHB Jerry George
|
0-0: Ball 1-0: Foul Ball, location: 2F 1-1: Ball 2-1: Ball 3-1: Base on Balls
|
Batting: LHB Jeff Kenaga
|
0-0: Foul Ball, location: 2F 0-1: Foul Ball, location: 2F 0-2: Strikes out swinging
|
Batting: LHB Jimmy Hickman
|
0-0: Called Strike 0-1: Fly out, F4 (Line Drive, 4, EV 68.8 MPH)
|
Batting: RHB Mitchell Cipolla
|
0-0: SINGLE (Groundball, 4D, EV 98.8 MPH) Jerry George to second Runner from 2nd tries for 3rd, SAFE, throw by RF made to third
|
Batting: RHB Carlos Amezcua
|
0-0: Called Strike 0-1: Foul Ball, location: 2F 0-2: Ball 1-2: Ball 2-2: Ball 3-2: Base on Balls Mitchell Cipolla to second
|
Batting: RHB Tom Howser
|
0-0: Ball 1-0: Ball 2-0: Foul Ball, location: 2F 2-1: Ball 3-1: Swinging Strike 3-2: SINGLE (Flyball, 5D, EV 90.0 MPH) Jerry George scores Mitchell Cipolla to third Carlos Amezcua to second Mitchell Cipolla scores Carlos Amezcua to third
|
Batting: RHB Charles Stafford
|
0-0: Called Strike 0-1: Ball 1-1: Swinging Strike 1-2: Foul Ball, location: 2F 1-2: Strikes out looking
|
Bottom of the 5th over - 2 runs, 2 hits, 0 errors, 2 left on base; Cedar Rapids 2 - Wisconsin Rapids 5 |
TOP OF THE 6TH |
Cedar Rapids Cardinals batting - Pitching for Wisconsin Rapids Timber Rattlers : RHP Timothy Kammeyer
|
Batting: RHB Mark Poole
|
0-0: Ball 1-0: Ball 2-0: Called Strike 2-1: Called Strike 2-2: Ground out 6-3 (Groundball, 6, EV 81.3 MPH)
|
Batting: RHB Carson Carroll
|
0-0: Foul Ball, location: 2F 0-1: Foul Ball, location: 2F 0-2: Ball 1-2: Ball 2-2: Foul Ball, location: 2F 2-2: Reached on error, E5 (Groundball, 5, EV 86.3 MPH)
|
Batting: SHB Bryan Hoppie
|
0-0: Foul Ball, location: 2F 0-1: SINGLE (Line Drive, 78S, EV 108.1 MPH) Carson Carroll to second
|
Batting: RHB Dean Kornacker
|
0-0: Ball 1-0: Ball 2-0: Called Strike 2-1: Fly out, F7 (Flyball, 7, EV 82.5 MPH) Runner from 2nd tags up, SAFE at 3rd with throw by LF
|
Batting: SHB Duane Johnson
|
0-0: Foul Ball, location: 2F 0-1: Swinging Strike 0-2: Ball 1-2: Foul Ball, location: 2F 1-2: SINGLE (Line Drive, 8RS, EV 104.4 MPH) Carson Carroll scores Bryan Hoppie to second Runner from 2nd tries for 3rd, SAFE, throw by CF made to third
|
Pitching: RHP Roger McDowell
|
|
Batting: RHB Nehames Bernstine
|
0-0: Ball 1-0: Ball 2-0: Ball 3-0: Called Strike 3-1: Ground out 5-3 (Groundball, 56, EV 88.8 MPH)
|
Top of the 6th over - 1 run, 2 hits, 1 error, 2 left on base; Cedar Rapids 3 - Wisconsin Rapids 5 |
BOTTOM OF THE 6TH |
Wisconsin Rapids Timber Rattlers batting - Pitching for Cedar Rapids Cardinals : RHP John Chomin
|
Batting: RHB Justin Andrews
|
0-0: Ball 1-0: Ground out 5-3 (Groundball, 5S, EV 74.4 MPH)
|
Batting: LHB Greg Smith
|
0-0: Foul Ball, location: 2F 0-1: Called Strike 0-2: Ball 1-2: Ground out 5-3 (Groundball, 56S, EV 82.5 MPH)
|
Batting: LHB Jerry George
|
0-0: Ball 1-0: Called Strike 1-1: Fly out, F4 (Popup, 34S, EV 60.6 MPH)
|
Bottom of the 6th over - 0 runs, 0 hits, 0 errors, 0 left on base; Cedar Rapids 3 - Wisconsin Rapids 5 |
TOP OF THE 7TH |
Cedar Rapids Cardinals batting - Pitching for Wisconsin Rapids Timber Rattlers : RHP Roger McDowell
|
Batting: RHB Reggie D Williams
|
0-0: Ball 1-0: Called Strike 1-1: Ball 2-1: Foul Ball, location: 2F 2-2: Ball 3-2: Foul Ball, location: 2F 3-2: Ground out 4-3 (Groundball, 34, EV 92.5 MPH)
|
Batting: RHB Winston Ficklin
|
0-0: Called Strike 0-1: Swinging Strike 0-2: Strikes out swinging
|
Batting: LHB Robert O'Leath
|
0-0: Called Strike 0-1: Ball 1-1: Ball 2-1: Swinging Strike 2-2: Strikes out swinging
|
Top of the 7th over - 0 runs, 0 hits, 0 errors, 0 left on base; Cedar Rapids 3 - Wisconsin Rapids 5 |
BOTTOM OF THE 7TH |
Wisconsin Rapids Timber Rattlers batting - Pitching for Cedar Rapids Cardinals : RHP John Chomin
|
Pitching: RHP Bradley Burger
|
|
Batting: LHB Jeff Kenaga
|
0-0: Swinging Strike 0-1: Foul Ball, location: 2F 0-2: Strikes out looking
|
Batting: LHB Jimmy Hickman
|
0-0: Called Strike 0-1: Swinging Strike 0-2: Ball 1-2: Strikes out swinging
|
Batting: RHB Mitchell Cipolla
|
0-0: Ball 1-0: Ball 2-0: Ball 3-0: Called Strike 3-1: Base on Balls
|
Batting: RHB Carlos Amezcua
|
0-0: Swinging Strike 0-1: Ball 1-1: Ball 2-1: SINGLE (Groundball, 6D, EV 104.4 MPH) Mitchell Cipolla to second Runner from 2nd tries for 3rd, SAFE, throw by CF made to third
|
Batting: RHB Tom Howser
|
0-0: Swinging Strike 0-1: Ball Pickoff Throw to First - Out! 1-3
|
Bottom of the 7th over - 0 runs, 1 hit, 0 errors, 1 left on base; Cedar Rapids 3 - Wisconsin Rapids 5 |
TOP OF THE 8TH |
Cedar Rapids Cardinals batting - Pitching for Wisconsin Rapids Timber Rattlers : RHP Roger McDowell
|
Pitching: RHP Thomas Banducci
|
|
Batting: RHB Mark Poole
|
0-0: Called Strike 0-1: Ball 1-1: Called Strike 1-2: Ball 2-2: Ball 3-2: Base on Balls
|
Batting: RHB Carson Carroll
|
0-0: Called Strike 0-1: SINGLE (Groundball, P, EV 76.9 MPH) (infield hit) Mark Poole to second
|
Pinch Hitting: LHB Doug Loman
|
0-0: Called Strike 0-1: Foul Ball, location: 2F 0-2: SINGLE (Line Drive, 7S, EV 87.5 MPH) Mark Poole to third Carson Carroll to second
|
Batting: RHB Dean Kornacker
|
0-0: Ball 1-0: Foul Ball, location: 2F 1-1: Grounds into double play, 4-2-3 (Groundball, 4, EV 88.8 MPH) Carson Carroll to third Doug Loman to second
|
Batting: SHB Duane Johnson
|
0-0: Foul Ball, location: 2F 0-1: Ball 1-1: Swinging Strike 1-2: Ball 2-2: Foul Ball, location: 2F 2-2: SINGLE (Groundball, 34, EV 95.0 MPH) Carson Carroll scores Doug Loman to third Runner from 3rd tries for Home, SAFE, throw by RF to home
|
Batting: RHB Nehames Bernstine
|
0-0: DOUBLE (Groundball, 5L, EV 102.5 MPH) Duane Johnson to third Runner from 3rd tries for Home, SAFE, throw by LF to trailing runner, SAFE at third!
|
Batting: RHB Reggie D Williams
|
0-0: Ball 1-0: Swinging Strike 1-1: Swinging Strike 1-2: Ball 2-2: Strikes out swinging
|
Top of the 8th over - 3 runs, 4 hits, 0 errors, 1 left on base; Cedar Rapids 6 - Wisconsin Rapids 5 |
BOTTOM OF THE 8TH |
Wisconsin Rapids Timber Rattlers batting - Pitching for Cedar Rapids Cardinals : RHP Bradley Burger
|
Now at SS: Miguel Sosa
|
|
Batting: RHB Tom Howser
|
0-0: Ball 1-0: Ball 2-0: Swinging Strike 2-1: Ground out 4-3 (Groundball, 4S, EV 78.1 MPH)
|
Batting: RHB Charles Stafford
|
0-0: Called Strike 0-1: Ball 1-1: Swinging Strike 1-2: Strikes out swinging, 2-3 out at first.
|
Batting: RHB Justin Andrews
|
0-0: Called Strike 0-1: SINGLE (Line Drive, 7S, EV 112.5 MPH)
|
Pitching: RHP Jeffrey Musser
|
|
Batting: LHB Greg Smith
|
0-0: Called Strike 0-1: Ball 1-1: Ball 2-1: Ball 3-1: Called Strike 3-2: Fly out, F9 (Flyball, 89S, EV 90.6 MPH)
|
Bottom of the 8th over - 0 runs, 1 hit, 0 errors, 1 left on base; Cedar Rapids 6 - Wisconsin Rapids 5 |
TOP OF THE 9TH |
Cedar Rapids Cardinals batting - Pitching for Wisconsin Rapids Timber Rattlers : RHP Thomas Banducci
|
Pitching: LHP Scott Bailes
|
|
Batting: RHB Winston Ficklin
|
0-0: Ball 1-0: Ground out 4-3 (Groundball, 4MS, EV 72.5 MPH)
|
Batting: LHB Robert O'Leath
|
0-0: Ball 1-0: Ball 2-0: Foul Ball, location: 2F 2-1: Foul Ball, location: 2F 2-2: Strikes out looking
|
Batting: RHB Mark Poole
|
0-0: Ball 1-0: Swinging Strike 1-1: Called Strike 1-2: Ball 2-2: Ground out 6-3 (Groundball, 6, EV 81.3 MPH)
|
Top of the 9th over - 0 runs, 0 hits, 0 errors, 0 left on base; Cedar Rapids 6 - Wisconsin Rapids 5 |
BOTTOM OF THE 9TH |
Wisconsin Rapids Timber Rattlers batting - Pitching for Cedar Rapids Cardinals : RHP Jeffrey Musser
|
Batting: LHB Jerry George
|
0-0: Ball 1-0: Ball 2-0: Ball 3-0: Called Strike 3-1: Base on Balls
|
Batting: LHB Jeff Kenaga
|
0-0: Called Strike 0-1: Called Strike 0-2: Grounds into double play, 4-6-3 (Groundball, 4M, EV 95.6 MPH)
|
Batting: LHB Dion James
|
0-0: Ball 1-0: Ball 2-0: Ball 3-0: Base on Balls
|
Batting: RHB Mitchell Cipolla
|
0-0: Called Strike 0-1: Called Strike 0-2: Strikes out looking
|
Bottom of the 9th over - 0 runs, 0 hits, 0 errors, 1 left on base; Cedar Rapids 6 - Wisconsin Rapids 5 |
|